 Dungeon Crawl Stone Soup version 0.21.1-1-g345015f (webtiles) character file.

11 shakethe the Firebug (level 2, -1/15 HPs)
             Began as a Tengu Fire Elementalist on Feb 9, 2018.
             Slain by a kobold
             ... wielding a +0 short sword
              (7 damage)
             ... on level 1 of the Dungeon.
             The game lasted 00:00:57 (259 turns).

shakethe the Firebug (Tengu Fire Elementalist)       Turns: 259, Time: 00:00:58

Health: -1/15      AC:  3    Str:  8    XL:     2   Next: 25%
Magic:  1/6        EV: 12    Int: 15    God:
Gold:   16         SH:  0    Dex: 14    Spells: 4/5 levels left

rFire    . . .     SeeInvis .   d - +0 short sword
rCold    . . .     Gourm    .   (no shield)
rNeg     . . .     Faith    .   a - +0 robe
rPois    .         Spirit   .   (helmet restricted)
rElec    .         Reflect  .   (no cloak)
rCorr    .         Harm     .   g - +0 pair of gloves
MR       .....                  (boots unavailable)
Stlth    ++........             (no amulet)
HPRegen  0.05/turn              (no ring)
MPRegen  0.10/turn              (no ring)

@: very slightly contaminated
A: beak, talons 3
a: no special abilities


You were on level 1 of the Dungeon.
You were not hungry.

You visited 1 branch of the dungeon, and saw 1 of its levels.

You collected 16 gold pieces.

Inventory:

Hand Weapons
 d - a +0 short sword (weapon)
   (You took it off a kobold on level 1 of the Dungeon)
Armour
 a - a +0 robe (worn)
 g - a +0 pair of gloves (worn)
   (You found it on level 1 of the Dungeon)
Potions
 e - a potion of might {unknown}
Books
 b - a book of Flames
Comestibles
 c - a ration
 f - 8 chunks of flesh {@w0}


   Skills:
 - Level 2.1 Dodging
 - Level 2.0 Stealth
 + Level 2.1 Spellcasting
 * Level 2.2 Conjurations
 * Level 3.6 Fire Magic


You had 4 spell levels left.
You knew the following spells:

 Your Spells              Type           Power        Failure   Level  Hunger
a - Flame Tongue          Conj/Fire      ##...        7%          1    #......


Dungeon Overview and Level Annotations

Branches:
Dungeon (1/15)

Altars:


Innate Abilities, Weirdness & Mutations

You have a beak for a mouth.
You have claws for feet.


Message History

MP restored: 4 You now have 16 gold pieces (gained 6).
You see here 33 stones.
As you open the door, it creaks loudly!
You hear an angry hiss.
There is an open door here.
A hobgoblin comes into view.
A hobgoblin is nearby!
The hobgoblin shouts!
Aim: a hobgoblin The flame tongue hits the hobgoblin.
You now have 3/4 mp.
You closely miss the hobgoblin.
You kill the hobgoblin!
You see here a hobgoblin corpse.
You butcher the hobgoblin corpse.
f - 7 chunks of flesh {@w0} (gained 3)
A frilled lizard comes into view.
MP restored: 4 You can't see any susceptible monsters within range! (Use Z to cast anyway.) Unknown command.
The frilled lizard hisses angrily.
Aim: a frilled lizard The flame tongue hits the frilled lizard.
You kill the frilled lizard!
You now have 3/4 mp.
You see here a frilled lizard corpse.
You butcher the frilled lizard corpse.
f - 8 chunks of flesh {@w0} (gained 1)
You see here a frilled lizard skeleton.
Found a stone staircase leading down.
MP restored: 4
Found an escape hatch in the floor.
A goblin comes into view.
A bat comes into view.
You can't see any susceptible monsters within range! (Use Z to cast anyway.)
The goblin shouts!
Aim: a goblin The flame tongue misses the goblin.
The bat closely misses you.
You now have 3/4 mp.
Aim: a goblin You miscast Flame Tongue.
You are very lightly contaminated with residual magic.
Nothing appears to happen.
The bat misses you. The goblin hits you.
You take 2 damage, and have 8/10 hp.
You now have 2/4 mp.
Aim: a goblin The flame tongue hits the goblin.
You kill the goblin!
Your Conjurations skill increases to level 2!
You have reached level 2!
The bat barely misses you.
You regained 4 hp, and now have 12/15 hp.
You now have 1/6 mp.
Aim: a bat The flame tongue hits the bat.
You kill the bat!
You now have 0/6 mp.
You don't have enough magic to cast that spell.
A rat comes into view.
A rat is nearby!
Your magical contamination has completely faded away.
g - a pair of gloves
There are no items here.
You start putting on your armour.
You continue putting on your pair of gloves. x4
You finish putting on your +0 pair of gloves.
The rat is too close now for your liking.
A leopard gecko comes into view.
You can't see any susceptible monsters within range! (Use Z to cast anyway.)
The leopard gecko hisses angrily.
Aim: a rat (resting)
You miscast Flame Tongue.
You are very lightly contaminated with residual magic.
Strange energies run through your body.
A kobold comes into view. It is wielding a short sword.
You now have 2/6 mp.
Aim: a rat The flame tongue hits the rat.
You kill the rat!
The kobold shouts!
Aim: a leopard gecko (clinging)
The flame tongue misses the leopard gecko.
You now have 1/6 mp.
Aim: a leopard gecko The flame tongue hits the leopard gecko.
The leopard gecko bites you. The leopard gecko barely misses you.
You take 5 damage, and have 9/15 hp.
MASSIVE DAMAGE!!
You now have 0/6 mp.
You barely miss the leopard gecko.
You kill the leopard gecko!
The kobold throws a stone.
The stone hits you.
You take 2 damage, and have 7/15 hp.
The kobold throws a stone.
The stone closely misses you.
The kobold throws a stone.
The stone barely misses you.
The kobold throws a stone.
The stone hits you.
You see here a stone.
You take 1 damage, and have 6/15 hp.
The kobold hits you but does no damage.
You hit the kobold. The kobold hits you with a short sword!
You die...

#..##''' #......(
#.###... ... ..
#.## ...###.# #.#
#########.......
#.#
#......(#.....#
#.#
#^......#.....#
#.#
#......@#.K...#
#.#
#......K#.....#
#........†....#
#........(....#
##
#####............
#.
#...#########.#
#. #..(...# #.#
#(
#......######.##
.##
##.............#
.#


You could see a kobold.

Vanquished Creatures
  A leopard gecko (D:1)
  2 goblins (D:1)
  2 hobgoblins (D:1)
  A bat (D:1)
  A frilled lizard (D:1)
  2 kobolds (D:1)
  A rat (D:1)
10 creatures vanquished.

Notes
Turn   | Place    | Note
-------+----------+-------------------------------------------
     0 | D:1      | shakethe the Tengu Fire Elementalist began the quest for the Orb.
     0 | D:1      | Reached XP level 1. HP: 10/10 MP: 4/4
   208 | D:1      | Reached skill level 2 in Conjurations
   208 | D:1      | Reached XP level 2. HP: 12/15 MP: 1/6
   259 | D:1      | Slain by a kobold

Skill      XL: |  1 |
---------------+----+-----
Conjurations   | 2 |  2.2
Dodging        | |  2.1
Stealth        | |  2.0
Spellcasting   | |  2.1
Fire Magic     | |  3.6

Action                   || total
-------------------------++-------
Melee: Short sword       ||     3
       Peck              ||     2
 Cast: Flame Tongue      ||    12
Dodge: Dodged            ||     6

Vault maps used:
D:1:      dpeg_arrival_windows_large_door

Table legend:
 A = Turns spent in this place as a percentage of turns spent in the entire game.
 B = Non-inter-level travel turns spent in this place as a percentage of non-inter-level travel turns spent in the entire game.
 C = Inter-level travel turns spent in this place as a percentage of turns spent in this place.
 D = Turns resting spent in this place as a percentage of non-inter-level travel turns spent in this place.
 E = Turns spent auto-exploring this place as a percentage of non-inter-level travel turns spent in this place.
 F = Non-inter-level travel turns spent in this place divided by the number of levels of this place that you've seen.
                   A       B       C       D       E      F
               +-------+-------+-------+-------+-------+----------------------
         Total | 100.0 | 100.0 |   0.0 |   0.0 |  54.8 | 259.0
       Dungeon | 100.0 | 100.0 |   0.0 |   0.0 |  54.8 | 259.0
               +-------+-------+-------+-------+-------+----------------------

Table legend:
 A = Kills in this place as a percentage of kills in entire the game.
 B = Kills by you in this place as a percentage of kills by you in the entire game.
 C = Kills by friends in this place as a percentage of kills by friends in the entire game.
 D = Other kills in this place as a percentage of other kills in the entire game.
 E = Experience gained in this place as a percentage of experience gained in the entire game.
 F = Experience gained in this place divided by the number of levels of this place that you have seen.
                   A       B       C       D       E      F
               +-------+-------+-------+-------+-------+----------------------
         Total | 100.0 | 100.0 |   N/A |   N/A | 100.0 |  16.0
       Dungeon | 100.0 | 100.0 |   N/A |   N/A | 100.0 |  16.0
               +-------+-------+-------+-------+-------+----------------------
